 Dungeon Crawl Stone Soup version 0.25-a0-558-g78a2afb0af (webtiles) character file.

Game seed: 17383631802569902188, levelgen mode: deterministic

4638 Emblim88 the Blocker (level 10, -11/82 HPs)
             Began as a Gnoll Fighter on Feb 24, 2020.
             Was an Initiate of Gozag.
             Killed from afar by a gargoyle (27 damage)
             ... with a stone arrow
             ... on level 10 of the Dungeon.
             The game lasted 00:20:14 (8939 turns).

Emblim88 the Blocker (Gnoll Fighter)                Turns: 8939, Time: 00:20:14

Health: -11/82     AC: 12    Str: 22    XL:     10   Next: 43%
Magic:  26/26      EV:  9    Int: 11    God:    Gozag
Gold:   883        SH: 11    Dex: 14    Spells: 4/19 levels left

rFire    . . .     SeeInvis .   h - +2 mace (vorpal)
rCold    . . .     Gourm    +   c - +0 kite shield
rNeg     . . .     Faith    .   J - +0 chain mail
rPois    .         Spirit   .   (no helmet)
rElec    .         Reflect  .   F - +0 cloak
rCorr    .         Harm     .   (no gloves)
MR       .....                  (no boots)
Stlth    ..........             A - amulet of the gourmand
HPRegen  0.23/turn              y - ring of flight
MPRegen  0.20/turn              g - ring of magical power

@: studying Long Blades
A: distributed training, fangs 1, strong nose
a: Potion Petition, Call Merchant, Bribe Branch, Renounce Religion, Evoke Flight


You were on level 10 of the Dungeon.
You worshipped Gozag.
Gozag was pleased with you.
You were not hungry.

You visited 1 branch of the dungeon, and saw 10 of its levels.

You collected 1472 gold pieces.
You spent 494 gold pieces at shops.
You paid 95 gold pieces to Gozag.

Inventory:

Hand Weapons
 h - a +2 vorpal mace (weapon)
 z - a +1 trident of venom
Missiles
 o - 23 poisoned darts (quivered)
 u - 8 atropa-tipped darts
Armour
 c - a +0 kite shield (worn)
 q - a +0 ring mail
 F - a +0 cloak (worn)
 J - a +0 chain mail (worn)
Magical Staves
 w - an uncursed staff of wizardry
Jewellery
 g - a ring of magical power (right hand)
 y - a ring of flight (left hand)
 A - an amulet of the gourmand (around neck)
Wands
 p - a wand of random effects (25)
 x - a wand of digging (10)
 B - a wand of iceblast (8)
 E - a wand of flame (12)
Scrolls
 a - a scroll of holy word
 b - a scroll of enchant weapon {unknown}
 j - 2 scrolls of amnesia
 l - 2 scrolls of magic mapping
 n - a scroll of fear
 t - 6 scrolls of identify
 G - a scroll of teleportation
 H - a scroll of blinking {unknown}
 I - 2 scrolls of fog {unknown}
Potions
 d - 2 potions of might
 e - 4 potions of stabbing
 i - 3 potions of flight
 k - a potion of mutation {unknown}
 m - a potion of haste
 r - 2 potions of lignification {unknown}
 s - a potion of resistance
 C - 3 potions of curing
 D - 2 potions of invisibility
Books
 v - a manual of Long Blades
Comestibles
 f - 17 rations


   Skills:
 + Level 8.4 Fighting
 + Level 5.2 Short Blades
 + Level 6.0 Long Blades
 + Level 5.2 Axes
 + Level 5.2 Maces & Flails
 + Level 7.0 Polearms
 + Level 5.2 Staves
 + Level 5.2 Slings
 + Level 5.2 Bows
 + Level 5.2 Crossbows
 + Level 5.2 Throwing
 + Level 8.4 Armour
 + Level 5.2 Dodging
 + Level 5.2 Stealth
 + Level 8.4 Shields
 + Level 5.2 Unarmed Combat
 + Level 5.2 Spellcasting
 + Level 4.2 Conjurations
 + Level 4.2 Hexes
 + Level 4.2 Charms
 + Level 4.2 Summonings
 + Level 4.2 Necromancy
 + Level 4.2 Translocations
 + Level 4.2 Transmutations
 + Level 4.2 Fire Magic
 + Level 4.2 Ice Magic
 + Level 4.2 Air Magic
 + Level 4.2 Earth Magic
 + Level 4.2 Poison Magic
 + Level 5.7 Invocations
 + Level 5.2 Evocations


You had 4 spell levels left.
You knew the following spells:

 Your Spells              Type           Power        Failure   Level  Hunger
a - Foxfire               Conj/Fire      ##..         50%         1    None
b - Swiftness             Chrm/Air       ##......     63%         2    ##.....
c - Fireball              Conj/Fire      ##........   100%        5    ######.
d - Airstrike             Air            ##........   99%         4    ####...
e - Conjure Flame         Conj/Fire      ##......     86%         3    ###....

Your spell library contained the following spells:

 Spells                   Type           Power        Failure   Level  Hunger
 Corona                   Hex            ##.....      50%         1    None
 Shock                    Conj/Air       ##..         50%         1    None
 Ensorcelled Hibernation  Hex/Ice        ##....       63%         2    ##.....
 Confusing Touch          Hex            ##......     86%         3    ###....
 Dazzling Flash           Conj/Hex       ##....       86%         3    ###....
 Inner Flame              Hex/Fire       ##......     86%         3    ###....
 Static Discharge         Conj/Air       ##......     86%         3    ###....
 Tukima's Dance           Hex            ##......     86%         3    ###....
 Sticky Flame             Conj/Fire      ##......     99%         4    ####...
 Lightning Bolt           Conj/Air       ##........   100%        5    ######.


Dungeon Overview and Level Annotations

Branches:
Dungeon (10/15)            Temple (0/1) D:5
   Lair: D:8-11         Orc: D:9-12

Altars:
Ashenzari
Elyvilon
Gozag
Hepliaklqana
Okawaru
Qazlal
Ru
Sif Muna
Trog
Uskayaw
Vehumet
Wu Jian
Zin

Shops:
D:7 !

Annotations:
D:6 3 runed translucent doors, Howlingfantods's ghost, novice MiFi; patman's ghost, novice MfGl


Innate Abilities, Weirdness & Mutations

Your experience applies equally to all skills.
You have very sharp teeth.
Your uncanny sense of smell can sniff out nearby items.


Message History

Your shield and chain mail prevent you from hitting the gargoyle.
The gargoyle is almost destroyed.
The gargoyle hits you with a +2 mace of protection!
* * * LOW HITPOINT WARNING * * *
The gargoyle hurls a stone arrow at you.
The stone arrow misses you.
Evoke which item? (* to show all) (? for menu, Esc to quit)
Aiming: Iceblast
Press: ? - help, Shift-Dir - straight line, f/p - gargoyle
Aim: a gargoyle, wielding a +2 mace of protection (severely damaged)
The mass of ice explodes!
The iceblast engulfs the gargoyle but does no damage.
The gargoyle is severely damaged.
The gargoyle hurls a stone arrow at you.
The stone arrow misses you.
You feel better.
The gargoyle hurls a stone arrow at you.
The stone arrow hits you!!
You die...
Your body crumbles into a pile of gold.

∆ #.......+
#.......###
#....(#...#
.......###.#
.###..#....#
....#.##.#
###.## #..#
#. #.## #@#
#.# #9# $
#.# #.# #.#
..# ###


You could see a gargoyle.

Vanquished Creatures
  A wyvern (D:9)
  A hungry ghost (D:7)
  2 water moccasins (D:9)
  3 orc warriors
  2 sky beasts
  2 black bears
  2 ice beasts (D:9)
  A phantom (D:4)
  5 ogres
  5 centaurs
  A crocodile (D:8)
  5 bullfrogs
  A scorpion (D:5)
  2 wights
  6 howler monkeys
  A bullfrog zombie (D:6)
  A centaur zombie (D:7)
  4 crimson imps
  7 jellies
  A quasit (D:9)
  3 bullfrog skeletons
  2 orc priests
  4 orc wizards
  5 hounds
  6 iguanas
  A centaur skeleton (D:6)
  Terence (D:3)
  9 worker ants
  A hound zombie (D:6)
  A hound skeleton (D:6)
  7 gnolls
  8 adders
  A howler monkey skeleton (D:4)
  2 shadow imps
  7 oozes
  3 adder skeletons
  An adder zombie (D:6)
  4 worms
  9 leopard geckos
  25 orcs
  4 giant cockroaches
  14 goblins
  9 hobgoblins
  10 jackals
  5 quokkas
  A ball python skeleton (D:4)
  3 bats (D:3)
  4 frilled lizards (D:3)
  6 kobolds
  5 rats
214 creatures vanquished.

Vanquished Creatures (others)
  2 foxfires (D:6)
  4 withered plants (D:6)
6 creatures vanquished.

Grand Total: 220 creatures vanquished

Notes
Turn   | Place    | Note
-------+----------+-------------------------------------------
     0 | D:1      | Emblim88 the Gnoll Fighter began the quest for the Orb.
     0 | D:1      | Reached XP level 1. HP: 23/23 MP: 1/1
    72 | D:1      | Reached XP level 2. HP: 29/29 MP: 2/2
   705 | D:2      | Reached XP level 3. HP: 30/35 MP: 3/3
   941 | D:2      | Reached skill level 1 in Invocations
  1070 | D:2      | Found a stormy altar of Qazlal.
  1157 | D:2      | Reached skill level 1 in Short Blades
  1157 | D:2      | Reached skill level 1 in Long Blades
  1157 | D:2      | Reached skill level 1 in Axes
  1157 | D:2      | Reached skill level 1 in Maces & Flails
  1157 | D:2      | Reached skill level 1 in Staves
  1157 | D:2      | Reached skill level 1 in Slings
  1157 | D:2      | Reached skill level 1 in Bows
  1157 | D:2      | Reached skill level 1 in Crossbows
  1157 | D:2      | Reached skill level 1 in Throwing
  1157 | D:2      | Reached skill level 1 in Dodging
  1157 | D:2      | Reached skill level 1 in Stealth
  1157 | D:2      | Reached skill level 1 in Unarmed Combat
  1157 | D:2      | Reached skill level 1 in Spellcasting
  1157 | D:2      | Reached skill level 1 in Evocations
  1176 | D:2      | Found a hide-covered altar of Uskayaw.
  1177 | D:2      | Noticed a +0 dagger
  1177 | D:2      | Noticed a +0 dagger
  1375 | D:2      | Reached XP level 4. HP: 41/41 MP: 5/5
  1547 | D:3      | Noticed Terence
  1558 | D:3      | Killed Terence
  1558 | D:3      | Reached skill level 1 in Conjurations
  1558 | D:3      | Reached skill level 1 in Hexes
  1558 | D:3      | Reached skill level 1 in Charms
  1558 | D:3      | Reached skill level 1 in Summonings
  1558 | D:3      | Reached skill level 1 in Necromancy
  1558 | D:3      | Reached skill level 1 in Translocations
  1558 | D:3      | Reached skill level 1 in Transmutations
  1558 | D:3      | Reached skill level 1 in Fire Magic
  1558 | D:3      | Reached skill level 1 in Ice Magic
  1558 | D:3      | Reached skill level 1 in Air Magic
  1558 | D:3      | Reached skill level 1 in Earth Magic
  1558 | D:3      | Reached skill level 1 in Poison Magic
  1638 | D:3      | Reached XP level 5. HP: 36/47 MP: 6/6
  1949 | D:3      | Found a sacrificial altar of Ru.
  1970 | D:3      | Found an opulent altar of Gozag.
  2349 | D:4      | Noticed a phantom
  2350 | D:4      | Found a white marble altar of Elyvilon.
  2366 | D:4      | Killed a phantom
  2366 | D:4      | Reached XP level 6. HP: 36/53 MP: 8/8
  2370 | D:4      | Found a shattered altar of Ashenzari.
  2423 | D:4      | Reached skill level 5 in Polearms
  2836 | D:4      | Reached XP level 7. HP: 56/59 MP: 10/10
  3258 | D:3      | Became a worshipper of Gozag Ym Sagoz the Greedy
  3348 | D:5      | Entered Level 5 of the Dungeon
  3384 | D:5      | Found a bloodstained altar of Trog.
  3550 | D:5      | Found a sand-covered staircase.
  3832 | D:5      | Reached XP level 8. HP: 67/67 MP: 12/12
  4003 | D:5      | Found a staircase to the Ecumenical Temple.
  4104 | D:5      | Learned a level 1 spell: Foxfire
  4117 | D:6      | Found a hazy altar of Hepliaklqana.
  4148 | D:6      | Found a stormy altar of Qazlal.
  5100 | D:6      | Found an ornate altar of the Wu Jian Council.
  5211 | D:6      | Found a glowing silver altar of Zin.
  5214 | D:6      | Found a runed translucent gate.
  5214 | D:6      | Found a runed translucent gate.
  5214 | D:6      | Found a runed translucent gate.
  5237 | D:6      | Noticed Howlingfantods's ghost (novice MiFi)
  5237 | D:6      | Noticed patman's ghost (novice MfGl)
  5504 | D:6      | Reached XP level 9. HP: 56/72 MP: 14/14
  6435 | D:7      | Found Igruhel's Distillery.
  6453 | D:7      | Bought a potion of haste for 130 gold pieces
  6453 | D:7      | Bought a potion of curing for 39 gold pieces
  6453 | D:7      | Bought a potion of curing for 39 gold pieces
  6453 | D:7      | Bought a potion of invisibility for 104 gold pieces
  6453 | D:7      | Bought a potion of invisibility for 104 gold pieces
  6453 | D:7      | Bought a potion of curing for 39 gold pieces
  6453 | D:7      | Bought a potion of curing for 39 gold pieces
  6471 | D:7      | Found a shattered altar of Ashenzari.
  6538 | D:7      | Found an ornate altar of the Wu Jian Council.
  6892 | D:8      | Reached skill level 5 in Invocations
  7365 | D:8      | Reached skill level 5 in Long Blades
  7410 | D:8      | Reached XP level 10. HP: 64/80 MP: 17/17
  7747 | D:8      | Learned a level 2 spell: Swiftness
  7753 | D:8      | Learned a level 5 spell: Fireball
  7758 | D:8      | Learned a level 4 spell: Airstrike
  7762 | D:8      | Learned a level 3 spell: Conjure Flame
  7837 | D:9      | Found an iron altar of Okawaru.
  8036 | D:9      | Reached skill level 5 in Short Blades
  8036 | D:9      | Reached skill level 5 in Axes
  8036 | D:9      | Reached skill level 5 in Maces & Flails
  8036 | D:9      | Reached skill level 5 in Staves
  8036 | D:9      | Reached skill level 5 in Slings
  8036 | D:9      | Reached skill level 5 in Bows
  8036 | D:9      | Reached skill level 5 in Crossbows
  8036 | D:9      | Reached skill level 5 in Throwing
  8036 | D:9      | Reached skill level 5 in Dodging
  8036 | D:9      | Reached skill level 5 in Stealth
  8036 | D:9      | Reached skill level 5 in Unarmed Combat
  8036 | D:9      | Reached skill level 5 in Spellcasting
  8036 | D:9      | Reached skill level 5 in Evocations
  8806 | D:9      | Found a radiant altar of Vehumet.
  8806 | D:9      | Found a shimmering blue altar of Sif Muna.
  8861 | D:10     | Entered Level 10 of the Dungeon
  8892 | D:10     | Noticed a gargoyle
  8934 | D:10     | HP: 4/82 [gargoyle/+2 mace of protection (10)]
  8939 | D:10     | Killed from afar by a gargoyle

Levels and vault maps discovered:
D:1:      dpeg_arrival_orchard, layout_loops_ring
D:2:      cheibrodos_greedy_goblins, layout_basic, marbit_many_paths,
          dancing_weapons_uskayaw, first_ration
D:3:      layout_loops_ring, lemuel_crystal_altar,
          nicolae_overflow_hidden_temple, minivault_25, uniq_terence
D:4:      layout_basic, kennysheep_mini_moat, nicolae_overflow_crystal_walls
D:5:      cheibrodos_iron_armory, layout_loops_ring, lemuel_doored_altar,
          temple_green, nicolae_ossuary_entry_ruins
D:6:      layout_gridville, lemuel_crystal_altar, zin_academy, kennysheep_mini,
          gammafunk_ghost_cemetery, nicolae_qazlal_eye_of_the_storm
D:7:      layout_rooms, serial_shops, shop_fountains, basic_altar,
          cheibrodos_ashenzari_chains
D:8:      layout_gridville, hangedman_little_slice_of_home
D:9:      layout_roguey, overflow_temple_1_default,
          gammafunk_temple_overflow_elements
D:10:     minmay_inner_zag, layout_basic, minmay_hedge_maze,
          nicolae_dithmenos_through_a_glass_darkly

Skill      XL: |  1  2  3  4  5  6  7  8  9 10 |
---------------+-------------------------------+-----
Invocations    | 1 2 3 4 5 |  5.7
Short Blades   | 1 2 3 4 5 |  5.2
Long Blades    | 1 2 3 5 6 |  6.0
Axes           | 1 2 3 4 5 |  5.2
Maces & Flails | 1 2 3 4 5 |  5.2
Staves         | 1 2 3 4 5 |  5.2
Slings         | 1 2 3 4 5 |  5.2
Bows           | 1 2 3 4 5 |  5.2
Crossbows      | 1 2 3 4 5 |  5.2
Throwing       | 1 2 3 4 5 |  5.2
Dodging        | 1 2 3 4 5 |  5.2
Stealth        | 1 2 3 4 5 |  5.2
Unarmed Combat | 1 2 3 4 5 |  5.2
Spellcasting   | 1 2 3 4 5 |  5.2
Evocations     | 1 2 3 4 5 |  5.2
Conjurations   | 1 2 3 4 |  4.2
Hexes          | 1 2 3 4 |  4.2
Charms         | 1 2 3 4 |  4.2
Summonings     | 1 2 3 4 |  4.2
Necromancy     | 1 2 3 4 |  4.2
Translocations | 1 2 3 4 |  4.2
Transmutations | 1 2 3 4 |  4.2
Fire Magic     | 1 2 3 4 |  4.2
Ice Magic      | 1 2 3 4 |  4.2
Air Magic      | 1 2 3 4 |  4.2
Earth Magic    | 1 2 3 4 |  4.2
Poison Magic   | 1 2 3 4 |  4.2
Polearms       | 5 6 7 |  7.0
Fighting       | 7 8 |  8.4
Armour         | 7 8 |  8.4
Shields        | 7 8 |  8.4

Action                   |  1- 3 |  4- 6 |  7- 9 | 10-12 || total
-------------------------+-------+-------+-------+-------++-------
Melee: Trident           |    16 |       |    92 |   150 ||   258
       Bite              |     8 |    12 |    45 |    28 ||    93
       Mace              |    52 |   188 |   283 |    35 ||   558
Throw: Dart              |       |     1 |    26 |     3 ||    30
 Cast: Foxfire           |       |       |     1 |       ||     1
Evoke: Wand              |       |       |       |     2 ||     2
  Use: Scroll            |       |     5 |     9 |       ||    14
       Potion            |       |       |     4 |     1 ||     5
 Stab: Sleeping          |       |     1 |     3 |     4 ||     8
       Distracted        |       |       |     3 |       ||     3
       Paralysed         |       |       |       |    10 ||    10
  Eat: Chunk             |     2 |     5 |     1 |       ||     8
       Ration            |       |       |     4 |     2 ||     6
Armor: Scale mail        |    21 |    13 |       |       ||    34
       Ring mail         |       |    43 |    82 |    14 ||   139
       Chain mail        |       |       |       |    15 ||    15
Dodge: Dodged            |    26 |    83 |   171 |    46 ||   326
Block: Kite shield       |    37 |   115 |   262 |    71 ||   485

Table legend:
 A = Non-vault XP
 B = Vault XP
 C = Vault XP percentage of total XP
 D = Non-vault monster count
 E = Vault monster count
 F = Vault count percentage of total count
                 A         B        C        D         E       F
            +---------+---------+-------+---------+---------+-------
      Total |    6399 |     228 |   3.4 |     194 |      20 |   9.3
            +---------+---------+-------+---------+---------+-------
        D:1 |      20 |       0 |   0.0 |       9 |       0 |   0.0
        D:2 |      47 |      33 |  41.2 |      16 |      11 |  40.7
        D:3 |     113 |      36 |  24.2 |      36 |       1 |   2.7
        D:4 |     492 |       0 |   0.0 |      24 |       0 |   0.0
        D:5 |     599 |       0 |   0.0 |      17 |       0 |   0.0
        D:6 |    1169 |       0 |   0.0 |      26 |       0 |   0.0
        D:7 |    1022 |       0 |   0.0 |      18 |       0 |   0.0
        D:8 |    1262 |     159 |  11.2 |      25 |       8 |  24.2
        D:9 |    1554 |       0 |   0.0 |      22 |       0 |   0.0
       D:10 |     121 |       0 |   0.0 |       1 |       0 |   0.0
            +---------+---------+-------+---------+---------+-------
